Map: Neon Violet Square LE

Players

LiquidMaNa (MaNa)

  • Race: Protoss Protoss
  • League: Master
  • Spawn Location: 5:00

aLive - Winner!

  • Race: Terran Terran
  • Spawn Location: 11:00

Event: HomeStory Cup XVI

VOD

Have the link to the VOD?

Description

Time

  • Played on: Nov. 11, 2017, 7:47 a.m.
  • Length: 5:34

All games in this series

Show
View Real Time Build Order
Export as new Build Order

LiquidMaNa Protoss 

Build Orders: Oracle Opening 

Get SALT Encoding   

  12  0:02  Probe (Chrono Boost)  
  14  0:14  Probe (Chrono Boost)  
  14  0:18  Pylon  
  14  0:26  Probe (Chrono Boost)  
  15  0:32  Probe (Chrono Boost)  
  15  0:38  Gateway  
  15  0:40  Probe (Chrono Boost)  
  16  0:46  Assimilator  
  17  0:52  Probe (Chrono Boost)  
  17  0:54  Assimilator  
  18  1:01  Probe (Chrono Boost)  
  19  1:07  Probe (Chrono Boost)  
  21  1:19  Probe (Chrono Boost)  
  21  1:25  Cybernetics Core  
  21  1:31  Probe (Chrono Boost)  
  22  1:39  Pylon  
  22  1:43  Probe (Chrono Boost)  
  23  1:53  Nexus  
  23  2:03  Stargate  
  23  2:08  Warp Gate  
  23  2:13  Adept  
  25  2:18  Probe (Chrono Boost)  
  26  2:29  Pylon  
  27  2:30  Probe (Chrono Boost)  
  26  2:37  Oracle  
  26  2:42  Adept, Probe (Chrono Boost)  
  32  2:54  Probe (Chrono Boost)  
  33  3:11  Sentry  
  33  3:12  Gateway  
  35  3:13  Gateway  
  35  3:23  Gateway  
  32  3:32  Probe (Chrono Boost)  
  33  3:36  Probe (Chrono Boost)  
  33  3:41  Shield Battery  
  34  3:44  Probe (Chrono Boost)  
  34  3:45  Pylon  
  35  3:53  Probe (Chrono Boost)  
  35  3:55  Shield Battery  
  37  3:56  Probe (Chrono Boost)  
  37  4:05  Gateway  
  37  4:10  Stalker, Sentry x2  
  44  4:18  Stalker  
  42  4:29  Adept  
  33  4:46  Adept  
  35  4:53  Zealot  
  34  5:02  Stalker  
Show
View Real Time Build Order
Export as new Build Order

aLive Terran - Winner!

Build Orders: Liberator Opening 

Get SALT Encoding   

  12  0:00  SCV  
  13  0:13  SCV  
  14  0:18  Supply Depot  
  14  0:25  SCV  
  15  0:39  SCV  
  15  0:41  Barracks  
  16  0:45  Refinery  
  16  0:51  SCV  
  17  1:03  SCV  
  18  1:15  SCV  
  19  1:27  Marine  
  19  1:28  Orbital Command  
  20  1:41  Command Center  
  20  1:51  Factory  
  20  1:55  SCV  
  21  2:02  Refinery  
  21  2:04  Barracks Reactor  
  21  2:07  SCV  
  22  2:12  Supply Depot  
  22  2:19  SCV  
  23  2:34  SCV  
  23  2:36  Starport  
  24  2:38  Widow Mine  
  24  2:40  Marine x2  
  28  2:46  SCV  
  29  2:53  Orbital Command  
  29  2:58  SCV  
  30  2:59  Marine x2  
  32  3:10  SCV  
  32  3:12  Medivac  
  35  3:16  Cyclone  
  35  3:19  Marine  
  39  3:20  Marine  
  39  3:24  SCV  
  41  3:27  Liberator, SCV  
  41  3:30  Supply Depot  
  41  3:37  SCV  
  41  3:39  SCV  
  46  3:51  Barracks  
  46  3:52  SCV x2  
  48  3:56  Marine x2  
  48  4:01  Barracks  
  50  4:08  Supply Depot  
  50  4:09  SCV x2  
  52  4:14  Marine x2  
  54  4:29  Supply Depot, SCV x2  
  56  4:31  Marine  
  56  4:32  Marine  
  56  4:33  Liberator  
  58  4:40  Barracks Tech Lab, Factory Tech Lab, Bunker  
  59  4:50  Marine  
  61  4:59  Bunker  
  58  5:00  Marine x2  
  56  5:13  SCV x2  
Tags
 
Add a new tag
Caveats
  • Supply blocks, unpowered buildings, or Contaminate may cause inaccurate times.
  • Supply counts are checked every 10 seconds.